Canucks vs Blackhawks
Created - 25 février 2014 at 20:11
Goals
|
| Canucks |
4 |
2 |
0 |
6 |
| Blackhawks |
1 |
3 |
0 |
4 |
|
Shots
|
| Canucks |
18 |
7 |
3 |
28 |
| Blackhawks |
11 |
15 |
5 |
31 |
|
1st period
1. Canucks , Peter Worrell 22 (Brent Sopel, Matt Stajan) at 10:32
2. Blackhawks , Kris Versteeg 41 (Scott Gomez) at 11:02
3. Canucks , David Jones 10 (Mark Streit, Scott Niedermayer) at 14:04
4. Canucks , Erik Christensen 10 (Jaromir Jagr, Derian Hatcher) at 15:30
5. Canucks , Clarke MacArthur 22 (Jiri Hudler) at 17:35
Penalties :
Matt Stajan (Van) for Roughing (Minor) at 5:41, Scott Gomez (Chi) for Slashing (Minor) at 18:00
2nd period
6. Blackhawks , Colby Armstrong 16 (Christian Ehrhoff, Joe Sakic) at 0:35
7. Canucks , Zigmund Palffy 7 (Clarke MacArthur, Jiri Hudler) at 5:04
8. Canucks , Jaromir Jagr 35 (Matt Stajan) at 7:42
9. Blackhawks , Scott Gomez 30 (Kris Versteeg, Stephane Robidas) at 12:05
10. Blackhawks , Kris Versteeg 42 (Joe Sakic, Stephane Robidas) at 17:17
Penalties :
Chris Campoli (Chi) for Hooking (Minor) at 1:22, Joe Sakic (Chi) for Hooking (Minor) at 14:37
3rd period
No Goal
Penalties :
Jiri Hudler (Van) for Holding (Minor) at 0:41, Zigmund Palffy (Van) for Slashing (Minor) at 4:14, Jiri Hudler (Van) for Hooking (Minor) at 10:20, Daniel Carcillo (Chi) for Holding (Minor) at 14:06
Goalie Stats
José Theodore (Van), 27 saves from 31 shots - (0,871), W, 4-6-1, 60:00 minutes
Jocelyn Thibault (Chi), 10 saves from 12 shots - (0,833), L, 7-6-2, 42:25 minutes
Roberto Luongo (Chi), 12 saves from 16 shots - (0,750), 17:35 minutes
Players Stats for Canucks
Player Name G A P +/- PIM S H SB GA TA FO MP PP MP PK MP
------------------------------------------------------------------------------------
Brent Sopel 0 1 1 2 0 1 0 0 2 2 0/0 21:15 3:45 3:44
Brett Lebda 0 0 0 0 0 0 2 0 0 0 0/0 10:47 0:00 0:00
Clarke MacArthur 1 1 2 0 0 5 3 0 0 0 1/1 19:08 3:37 3:31
David Jones 1 0 1 0 0 1 0 0 0 0 0/0 13:58 0:02 1:44
Derian Hatcher 0 1 1 2 0 2 0 2 0 2 0/0 21:15 3:45 3:44
Erik Christensen 1 0 1 1 0 1 0 0 0 0 1/2 6:22 0:00 0:37
Fabian Brunnstrom 0 0 0 0 0 1 2 0 0 0 1/1 13:06 0:16 0:36
Jaromir Jagr 1 1 2 2 0 5 0 0 2 0 2/3 26:58 4:14 3:50
Jeremy Williams 0 0 0 1 0 0 1 0 0 0 0/0 5:31 0:00 0:00
Jiri Hudler 0 2 2 0 4 1 0 0 0 0 4/10 16:13 3:37 0:00
Joe Callahan 0 0 0 0 0 0 0 0 0 1 0/0 10:47 0:00 0:00
Mark Streit 0 1 1 0 0 2 4 0 3 2 0/0 27:58 4:11 4:12
Matt Stajan 0 2 2 1 2 1 0 0 0 0 15/25 19:53 4:06 1:38
Peter Worrell 1 0 1 1 0 4 3 1 0 1 0/2 22:35 4:14 3:56
Ryan Getzlaf 0 0 0 0 0 1 1 0 0 0 3/6 12:34 0:05 0:00
Scott Niedermayer 0 1 1 0 0 2 0 2 0 2 0/0 24:53 4:11 4:12
Taylor Chorney 0 0 0 0 0 0 0 0 0 0 0/0 3:05 0:00 0:00
Zigmund Palffy 1 0 1 0 2 1 1 0 0 0 0/0 15:42 3:37 0:00
Players Stats for Blackhawks
Player Name G A P +/- PIM S H SB GA TA FO MP PP MP PK MP
------------------------------------------------------------------------------------
Brendon Nash 0 0 0 0 0 0 0 0 0 0 0/0 11:56 0:00 0:06
Chris Campoli 0 0 0 -2 2 0 2 1 0 1 0/0 19:29 3:47 2:04
Chris Gratton 0 0 0 -1 0 2 2 0 0 0 1/3 8:17 0:00 0:24
Christian Ehrhoff 0 1 1 1 0 0 3 0 0 1 0/0 24:45 4:14 5:03
Colby Armstrong 1 0 1 1 0 4 0 0 1 0 1/2 16:16 0:12 4:14
Daniel Carcillo 0 0 0 -2 2 5 0 1 0 0 0/1 14:05 0:00 2:24
George Parros 0 0 0 -3 0 0 2 0 0 0 0/0 11:01 0:12 0:00
Hnat Domenichelli 0 0 0 -1 0 0 0 0 1 0 1/1 8:43 0:00 0:35
Joe Sakic 0 2 2 2 2 5 4 0 1 0 2/4 16:23 4:21 0:00
Jordan Staal 0 0 0 -3 0 0 0 0 0 0 0/6 13:46 0:03 2:56
Kris Versteeg 2 1 3 1 0 5 2 0 1 0 2/2 19:11 3:23 2:11
Kristopher Letang 0 0 0 -4 0 1 1 0 0 2 0/0 24:55 3:42 5:26
Loui Eriksson 0 0 0 1 0 1 2 1 2 0 0/0 15:45 4:21 0:00
Rene Bourque 0 0 0 0 0 1 1 0 0 2 1/1 16:22 3:23 0:00
Richard Matvichuk 0 0 0 0 0 2 1 1 0 1 0/0 15:53 0:36 3:07
Scott Gomez 1 1 2 0 2 3 4 0 0 0 15/29 19:29 3:23 3:08
Sergei Shirokov 0 0 0 -1 0 2 0 1 2 0 0/1 12:06 4:21 0:00
Stephane Robidas 0 2 2 1 0 0 2 0 2 0 0/0 23:38 3:42 0:06
3 Stars
1 - Kris Versteeg (Chi)
2 - Jaromir Jagr (Van)
3 - Clarke MacArthur (Van)
Power Play
Canucks - 0 on 4 Attempt(s) - 0,00%
Blackhawks - 0 on 4 Attempt(s) - 0,00%
Penalty Kill
Canucks - 4 on 4 Attempt(s) - 100,00%
- Score 0 goal in Penalty Kill
Blackhawks - 4 on 4 Attempt(s) - 100,00%
- Score 0 goal in Penalty Kill
Official
Referees : Walsh Ian and Joannette Marc
Linesman : Mark Wheler and Jonny Murray
Game Notes
Jocelyn Thibault enters game at 17:35 of 1st period
Finance
Level 1 -- Attendance: 4788 (79,80%) -- Ticket Income 421 344 $
Level 2 -- Attendance: 4116 (82,32%) -- Ticket Income 218 148 $
Level 3 -- Attendance: 1348 (67,40%) -- Ticket Income 45 832 $
Level 4 -- Attendance: 2721 (68,03%) -- Ticket Income 59 862 $
Luxury Box -- Attendance: 881 (88,10%) -- Ticket Income 145 365 $
Game was played at the Chicago Stadium
Total Attendance: 13854 (76,97%)
Total Ticket Income: 890 551 $
Other Income: 133 583 $
Total Income: 1 024 134 $
Canucks
5 vs 5 Forward
Center Left Wing Right Wing Time % Phy DF OF
1 Matt Stajan Peter Worrell Jaromir Jagr 40 1 2 2
2 Jiri Hudler Clarke MacArthur Zigmund Palffy 30 1 2 2
3 Ryan Getzlaf Fabian Brunnstrom David Jones 20 1 2 2
4 Erik Christensen Jaromir Jagr Jeremy Williams 10 1 2 2
5 vs 5 Defense
Defense Defense Time % Phy DF OF
1 Mark Streit Scott Niedermayer 40 1 2 2
2 Brent Sopel Derian Hatcher 30 1 2 2
3 Joe Callahan Brett Lebda 20 1 2 2
4 Taylor Chorney Mark Streit 10 1 2 2
PowerPlay Forward
Center Left Wing Right Wing Time % Phy DF OF
1 Matt Stajan Peter Worrell Jaromir Jagr 60 1 2 2
2 Jiri Hudler Clarke MacArthur Zigmund Palffy 40 1 2 2
PowerPlay Defense
Defense Defense Time % Phy DF OF
1 Mark Streit Scott Niedermayer 60 1 2 2
2 Brent Sopel Derian Hatcher 40 1 2 2
Penalty Kill 4 Players Forward
Center Wing Time % Phy DF OF
1 Jaromir Jagr Peter Worrell 60 1 2 2
2 Clarke MacArthur Matt Stajan 40 1 2 2
Penalty Kill 4 Players Defense
Defense Defense Time % Phy DF OF
1 Mark Streit Scott Niedermayer 60 1 2 2
2 Brent Sopel Derian Hatcher 40 1 2 2
Penalty Kill - 3 Players Forward
Forward Time % Phy DF OF
1 Jaromir Jagr 60 1 2 2
2 Peter Worrell 40 1 2 2
Penalty Kill - 3 Players Defense
Defense Defense Time % Phy DF OF
1 Mark Streit Scott Niedermayer 60 1 2 2
2 Brent Sopel Derian Hatcher 40 1 2 2
4 vs 4 Forward
Center Wing Time % Phy DF OF
1 Jaromir Jagr Peter Worrell 60 1 2 2
2 Clarke MacArthur Matt Stajan 40 1 2 2
4 vs 4 Defense
Defense Defense Time % Phy DF OF
1 Mark Streit Scott Niedermayer 60 1 2 2
2 Brent Sopel Derian Hatcher 40 1 2 2
Last Minutes Offensive
Center Left Wing Right Wing Defense Defense
Matt Stajan Peter Worrell Jaromir Jagr Mark Streit Scott Niedermayer
Last Minutes Defensive
Center Left Wing Right Wing Defense Defense
Matt Stajan Peter Worrell Jaromir Jagr Mark Streit Scott Niedermayer
Goaltenders
Starting : José Theodore
Backup : Carey Price
Extra Forwards
Normal : Fabian Brunnstrom, Ryan Getzlaf, David Jones - PP : Fabian Brunnstrom, Ryan Getzlaf - PK : David Jones
Extra Defensemen
Normal : Joe Callahan, Brett Lebda, Taylor Chorney - PP : Joe Callahan - PK : Brett Lebda, Taylor Chorney
Penalty Shots
Jaromir Jagr, Peter Worrell, Clarke MacArthur, Matt Stajan, Fabian Brunnstrom
Blackhawks
5 vs 5 Forward
Center Left Wing Right Wing Time % Phy DF OF
1 Scott Gomez Kris Versteeg Rene Bourque 40 1 2 2
2 Joe Sakic Loui Eriksson Colby Armstrong 30 1 2 2
3 Jordan Staal Daniel Carcillo George Parros 20 1 2 2
4 Chris Gratton Hnat Domenichelli Sergei Shirokov 10 1 2 2
5 vs 5 Defense
Defense Defense Time % Phy DF OF
1 Stephane Robidas Christian Ehrhoff 40 1 2 2
2 Kristopher Letang Chris Campoli 30 1 2 2
3 Richard Matvichuk Brendon Nash 20 1 2 2
4 Stephane Robidas Kristopher Letang 10 1 2 2
PowerPlay Forward
Center Left Wing Right Wing Time % Phy DF OF
1 Scott Gomez Kris Versteeg Rene Bourque 60 1 1 3
2 Joe Sakic Loui Eriksson Sergei Shirokov 40 1 1 3
PowerPlay Defense
Defense Defense Time % Phy DF OF
1 Stephane Robidas Kristopher Letang 60 1 1 3
2 Christian Ehrhoff Chris Campoli 40 1 1 3
Penalty Kill 4 Players Forward
Center Wing Time % Phy DF OF
1 Scott Gomez Colby Armstrong 60 1 3 1
2 Jordan Staal Daniel Carcillo 40 1 3 1
Penalty Kill 4 Players Defense
Defense Defense Time % Phy DF OF
1 Kristopher Letang Christian Ehrhoff 60 1 4 0
2 Kristopher Letang Richard Matvichuk 40 1 4 0
Penalty Kill - 3 Players Forward
Forward Time % Phy DF OF
1 Scott Gomez 60 1 2 2
2 George Parros 40 1 2 2
Penalty Kill - 3 Players Defense
Defense Defense Time % Phy DF OF
1 Stephane Robidas Christian Ehrhoff 60 1 2 2
2 Kristopher Letang Richard Matvichuk 40 1 2 2
4 vs 4 Forward
Center Wing Time % Phy DF OF
1 Scott Gomez Kris Versteeg 60 1 2 2
2 Joe Sakic Rene Bourque 40 1 2 2
4 vs 4 Defense
Defense Defense Time % Phy DF OF
1 Stephane Robidas Christian Ehrhoff 60 1 2 2
2 Kristopher Letang Richard Matvichuk 40 1 2 2
Last Minutes Offensive
Center Left Wing Right Wing Defense Defense
Scott Gomez Kris Versteeg Rene Bourque Stephane Robidas Kristopher Letang
Last Minutes Defensive
Center Left Wing Right Wing Defense Defense
Scott Gomez Kris Versteeg Colby Armstrong Kristopher Letang Christian Ehrhoff
Goaltenders
Starting : Roberto Luongo
Backup : Jocelyn Thibault
Extra Forwards
Normal : Colby Armstrong, Loui Eriksson, Sergei Shirokov - PP : Colby Armstrong, George Parros - PK : Kris Versteeg
Extra Defensemen
Normal : Richard Matvichuk, Chris Campoli, Kristopher Letang - PP : Kristopher Letang - PK : Chris Campoli, Kristopher Letang
Penalty Shots
Scott Gomez, Joe Sakic, Kris Versteeg, Rene Bourque, Colby Armstrong
% Time on Ice - Canucks
Lines # - Real PCT - Wanted PCT - Time Play
Normal Forward
1 - 36% - 40% - 15:45
2 - 29% - 30% - 12:48
3 - 23% - 20% - 10:04
4 - 13% - 10% - 5:31
Normal Defense
1 - 37% - 40% - 16:30
2 - 31% - 30% - 13:46
3 - 24% - 20% - 10:47
4 - 7% - 10% - 3:05
PP Forward
1 - 54% - 60% - 4:19
2 - 46% - 40% - 3:37
PP Defense
1 - 53% - 60% - 4:11
2 - 47% - 40% - 3:45
PK Forward
1 - 71% - 60% - 5:40
2 - 29% - 40% - 2:16
PK Defense
1 - 53% - 60% - 4:12
2 - 47% - 40% - 3:44
PK3 Forward
1 - 0% - 60%
2 - 0% - 40%
PK3 Defense
1 - 0% - 60%
2 - 0% - 40%
44 Forward
1 - 0% - 60%
2 - 0% - 40%
44 Defense
1 - 0% - 60%
2 - 0% - 40%
Last Minute Offensive - 0:00
Last Minute Defensive - 0:00
Total
Forward - 60:00
Defense - 60:00
|
% Time on Ice - Blackhawks
Lines # - Real PCT - Wanted PCT - Time Play
Normal Forward
1 - 34% - 40% - 14:48
2 - 27% - 30% - 12:06
3 - 23% - 20% - 9:59
4 - 16% - 10% - 7:15
Normal Defense
1 - 39% - 40% - 17:23
2 - 28% - 30% - 12:27
3 - 25% - 20% - 10:59
4 - 8% - 10% - 3:19
PP Forward
1 - 45% - 60% - 3:35
2 - 55% - 40% - 4:21
PP Defense
1 - 47% - 60% - 3:42
2 - 53% - 40% - 4:14
PK Forward
1 - 78% - 60% - 6:10
2 - 22% - 40% - 1:46
PK Defense
1 - 65% - 60% - 5:09
2 - 35% - 40% - 2:47
PK3 Forward
1 - 0% - 60%
2 - 0% - 40%
PK3 Defense
1 - 0% - 60%
2 - 0% - 40%
44 Forward
1 - 0% - 60%
2 - 0% - 40%
44 Defense
1 - 0% - 60%
2 - 0% - 40%
Last Minute Offensive - 0:00
Last Minute Defensive - 0:00
Total
Forward - 60:00
Defense - 60:00
|
Play by Play
1st period
0:01 of 1st period - Jaromir Jagr wins face-off versus Scott Gomez in neutral zone.
1:34 of 1st period - Snap shot by Matt Stajan.
1:34 of 1st period - Stopped by Roberto Luongo with a rebound.
1:44 of 1st period - Wrist shot by Kris Versteeg.
1:44 of 1st period - Deflect By Joe Callahan.
1:44 of 1st period - Stopped by José Theodore without a rebound.
1:45 of 1st period - Joe Sakic wins face-off versus Jiri Hudler in Canucks zone.
3:20 of 1st period - Snap shot by Stephane Robidas.
3:20 of 1st period - Shot Blocked by Scott Niedermayer.
3:41 of 1st period - Wrist shot by Daniel Carcillo.
3:41 of 1st period - Stopped by José Theodore without a rebound.
3:42 of 1st period - Ryan Getzlaf wins face-off versus Scott Gomez in Canucks zone.
4:05 of 1st period - Brent Sopel is hit by Joe Sakic and loses puck.
4:25 of 1st period - Off-side.
4:26 of 1st period - Matt Stajan wins face-off versus Jordan Staal in neutral zone.
4:54 of 1st period - Slapshot by Mark Streit.
4:54 of 1st period - Stopped by Roberto Luongo with a rebound.
5:38 of 1st period - Snap shot by Sergei Shirokov.
5:38 of 1st period - Stopped by José Theodore without a rebound.
5:39 of 1st period - Matt Stajan wins face-off versus Scott Gomez in Canucks zone.
5:41 of 1st period - Minor Penalty to Matt Stajan for Roughing.
5:42 of 1st period - Jaromir Jagr wins face-off versus Scott Gomez in Canucks zone.
6:42 of 1st period - Wrist shot by Clarke MacArthur.
6:42 of 1st period - Shot Blocked by Chris Campoli.
7:41 of 1st period - Penalty to Matt Stajan is over, Matt Stajan is back on ice.
7:43 of 1st period - Wrist shot by Colby Armstrong.
7:43 of 1st period - Shot Misses the Net.
7:45 of 1st period - Slapshot by Richard Matvichuk.
7:45 of 1st period - Stopped by José Theodore without a rebound.
7:46 of 1st period - Colby Armstrong wins face-off versus Ryan Getzlaf in Canucks zone.
8:11 of 1st period - Brendon Nash is hit by Brett Lebda and loses puck.
8:20 of 1st period - Snap shot by Erik Christensen.
8:20 of 1st period - Shot Blocked by Richard Matvichuk.
8:48 of 1st period - Wrist shot by Daniel Carcillo.
8:48 of 1st period - Stopped by José Theodore without a rebound.
8:49 of 1st period - Matt Stajan wins face-off versus Jordan Staal in Canucks zone.
8:54 of 1st period - Snap shot by Jaromir Jagr.
8:54 of 1st period - Stopped by Roberto Luongo without a rebound.
8:55 of 1st period - Matt Stajan wins face-off versus Jordan Staal in Blackhawks zone.
9:02 of 1st period - Wrist shot by Daniel Carcillo.
9:02 of 1st period - Stopped by José Theodore with a rebound.
9:18 of 1st period - Snap shot by Peter Worrell.
9:18 of 1st period - Stopped by Roberto Luongo with a rebound.
9:42 of 1st period - Slapshot by Jaromir Jagr.
9:42 of 1st period - Shot Misses the Net.
9:44 of 1st period - Snap shot by Jaromir Jagr.
9:44 of 1st period - Stopped by Roberto Luongo with a rebound.
9:46 of 1st period - Wrist shot by Peter Worrell.
9:46 of 1st period - Stopped by Roberto Luongo with a rebound.
9:56 of 1st period - Wrist shot by Matt Stajan.
9:56 of 1st period - Shot Misses the Net.
10:26 of 1st period - Wrist shot by Matt Stajan.
10:26 of 1st period - Shot Misses the Net.
10:28 of 1st period - Snap shot by Peter Worrell.
10:28 of 1st period - Shot Misses the Net.
10:30 of 1st period - Snap shot by Brent Sopel.
10:30 of 1st period - Stopped by Roberto Luongo with a rebound.
10:32 of 1st period - Slapshot by Peter Worrell.
10:32 of 1st period - Goal by Peter Worrell - Canucks : 1 - Blackhawks : 0.
10:33 of 1st period - Jiri Hudler wins face-off versus Scott Gomez in neutral zone.
10:40 of 1st period - Wrist shot by Jiri Hudler.
10:40 of 1st period - Stopped by Roberto Luongo without a rebound.
10:41 of 1st period - Scott Gomez wins face-off versus Jiri Hudler in Blackhawks zone.
11:02 of 1st period - Slapshot by Kris Versteeg.
11:02 of 1st period - Goal by Kris Versteeg - Canucks : 1 - Blackhawks : 1.
11:03 of 1st period - Scott Gomez wins face-off versus Jiri Hudler in neutral zone.
11:08 of 1st period - Snap shot by Scott Niedermayer.
11:08 of 1st period - Stopped by Roberto Luongo without a rebound.
11:09 of 1st period - Kris Versteeg wins face-off versus Jiri Hudler in Blackhawks zone.
11:37 of 1st period - Wrist shot by Colby Armstrong.
11:37 of 1st period - Stopped by José Theodore without a rebound.
11:38 of 1st period - Matt Stajan wins face-off versus Colby Armstrong in Canucks zone.
12:05 of 1st period - Colby Armstrong is hit by Peter Worrell and loses puck.
12:10 of 1st period - Slapshot by Matt Stajan.
12:10 of 1st period - Shot Misses the Net.
12:12 of 1st period - Snap shot by Peter Worrell.
12:12 of 1st period - Deflect By Jaromir Jagr.
12:12 of 1st period - Stopped by Roberto Luongo with a rebound.
12:34 of 1st period - Loui Eriksson is hit by Peter Worrell and loses puck.
13:13 of 1st period - Wrist shot by Joe Sakic.
13:13 of 1st period - Stopped by José Theodore without a rebound.
13:14 of 1st period - Scott Gomez wins face-off versus Ryan Getzlaf in Canucks zone.
13:21 of 1st period - Backhand shot by Scott Gomez.
13:21 of 1st period - Stopped by José Theodore without a rebound.
13:22 of 1st period - Ryan Getzlaf wins face-off versus Scott Gomez in Canucks zone.
13:22 of 1st period - Ryan Getzlaf is hit by Scott Gomez.
13:44 of 1st period - Scott Gomez is hit by Mark Streit.
13:52 of 1st period - Snap shot by Scott Gomez.
13:52 of 1st period - Stopped by José Theodore with a rebound.
14:02 of 1st period - Snap shot by Mark Streit.
14:02 of 1st period - Stopped by Roberto Luongo with a rebound.
14:04 of 1st period - Slapshot by David Jones.
14:04 of 1st period - Deflect By Christian Ehrhoff.
14:04 of 1st period - Goal by David Jones - Canucks : 2 - Blackhawks : 1.
14:05 of 1st period - Jiri Hudler wins face-off versus Sergei Shirokov in neutral zone.
15:00 of 1st period - Erik Christensen is hit by George Parros and loses puck.
15:22 of 1st period - Snap shot by Erik Christensen.
15:22 of 1st period - Shot Blocked by Daniel Carcillo.
15:24 of 1st period - Slapshot by Derian Hatcher.
15:24 of 1st period - Stopped by Roberto Luongo with a rebound.
15:30 of 1st period - Snap shot by Erik Christensen.
15:30 of 1st period - Goal by Erik Christensen - Canucks : 3 - Blackhawks : 1.
15:31 of 1st period - Scott Gomez wins face-off versus Jiri Hudler in neutral zone.
16:40 of 1st period - Joe Callahan is hit by Christian Ehrhoff and loses puck.
16:51 of 1st period - Rene Bourque is hit by Jeremy Williams and loses puck.
17:11 of 1st period - Peter Worrell is hit by Rene Bourque and loses puck.
17:33 of 1st period - Icing by Chris Campoli.
17:34 of 1st period - Jiri Hudler wins face-off versus Daniel Carcillo in Blackhawks zone.
17:35 of 1st period - Wrist shot by Clarke MacArthur.
17:35 of 1st period - Goal by Clarke MacArthur - Canucks : 4 - Blackhawks : 1.
17:35 of 1st period - Jocelyn Thibault enters game.
17:36 of 1st period - Scott Gomez wins face-off versus Matt Stajan in neutral zone.
17:38 of 1st period - Off-side.
17:39 of 1st period - Scott Gomez wins face-off versus Matt Stajan in neutral zone.
18:00 of 1st period - Minor Penalty to Scott Gomez for Slashing.
18:01 of 1st period - Kris Versteeg wins face-off versus Matt Stajan in Blackhawks zone.
18:12 of 1st period - Slapshot by Mark Streit.
18:12 of 1st period - Deflect By Peter Worrell.
18:12 of 1st period - Stopped by Jocelyn Thibault with a rebound.
18:14 of 1st period - Snap shot by Matt Stajan.
18:14 of 1st period - Shot Misses the Net.
18:34 of 1st period - Snap shot by Jiri Hudler.
18:34 of 1st period - Deflect By Clarke MacArthur.
18:34 of 1st period - Stopped by Jocelyn Thibault with a rebound.
19:36 of 1st period - Matt Stajan is hit by Chris Campoli and loses puck.
0:00 of 2nd period - Penalty to Scott Gomez is over, Scott Gomez is back on ice.
Goals for this period are 4 for Canucks vs 1 for Blackhawks.
Shots for this period are 18 for Canucks vs 11 for Blackhawks.
2nd period
0:01 of 2nd period - Scott Gomez wins face-off versus Matt Stajan in neutral zone.
0:35 of 2nd period - Slapshot by Colby Armstrong.
0:35 of 2nd period - Goal by Colby Armstrong - Canucks : 4 - Blackhawks : 2.
0:36 of 2nd period - Rene Bourque wins face-off versus Matt Stajan in neutral zone.
1:22 of 2nd period - Minor Penalty to Chris Campoli for Hooking.
1:23 of 2nd period - Scott Gomez wins face-off versus Matt Stajan in Blackhawks zone.
1:37 of 2nd period - Off-side.
1:38 of 2nd period - Scott Gomez wins face-off versus Matt Stajan in neutral zone.
3:04 of 2nd period - Richard Matvichuk is hit by Clarke MacArthur and loses puck.
3:22 of 2nd period - Penalty to Chris Campoli is over, Chris Campoli is back on ice.
3:51 of 2nd period - Snap shot by Sergei Shirokov.
3:51 of 2nd period - Stopped by José Theodore without a rebound.
3:52 of 2nd period - Hnat Domenichelli wins face-off versus Erik Christensen in Canucks zone.
4:14 of 2nd period - Jiri Hudler is hit by Christian Ehrhoff and loses puck.
4:27 of 2nd period - Wrist shot by Chris Gratton.
4:27 of 2nd period - Stopped by José Theodore with a rebound.
4:56 of 2nd period - Wrist shot by Jiri Hudler.
4:56 of 2nd period - Shot Misses the Net.
5:02 of 2nd period - Snap shot by Clarke MacArthur.
5:02 of 2nd period - Stopped by Jocelyn Thibault with a rebound.
5:04 of 2nd period - Wrist shot by Zigmund Palffy.
5:04 of 2nd period - Goal by Zigmund Palffy - Canucks : 5 - Blackhawks : 2.
5:05 of 2nd period - Matt Stajan wins face-off versus Scott Gomez in neutral zone.
6:47 of 2nd period - Icing by Hnat Domenichelli.
6:48 of 2nd period - Chris Gratton wins face-off versus Ryan Getzlaf in Blackhawks zone.
6:57 of 2nd period - Snap shot by Chris Gratton.
6:57 of 2nd period - Shot Misses the Net.
6:59 of 2nd period - Wrist shot by Richard Matvichuk.
6:59 of 2nd period - Shot Blocked by Derian Hatcher.
7:01 of 2nd period - Wrist shot by Hnat Domenichelli.
7:01 of 2nd period - Shot Misses the Net.
7:03 of 2nd period - Slapshot by Richard Matvichuk.
7:03 of 2nd period - Stopped by José Theodore with a rebound.
7:05 of 2nd period - Snap shot by Chris Gratton.
7:05 of 2nd period - Stopped by José Theodore with a rebound.
7:31 of 2nd period - Brendon Nash is hit by Fabian Brunnstrom and loses puck.
7:40 of 2nd period - Snap shot by Ryan Getzlaf.
7:40 of 2nd period - Stopped by Jocelyn Thibault without a rebound.
7:41 of 2nd period - Matt Stajan wins face-off versus Scott Gomez in Blackhawks zone.
7:42 of 2nd period - Snap shot by Jaromir Jagr.
7:42 of 2nd period - Goal by Jaromir Jagr - Canucks : 6 - Blackhawks : 2.
7:43 of 2nd period - Matt Stajan wins face-off versus Scott Gomez in neutral zone.
8:08 of 2nd period - Scott Gomez is hit by Mark Streit and loses puck.
8:15 of 2nd period - Slapshot by Christian Ehrhoff.
8:15 of 2nd period - Shot Misses the Net.
8:52 of 2nd period - Off-side.
8:53 of 2nd period - Matt Stajan wins face-off versus Jordan Staal in neutral zone.
9:00 of 2nd period - Wrist shot by Jaromir Jagr.
9:00 of 2nd period - Stopped by Jocelyn Thibault without a rebound.
9:01 of 2nd period - Matt Stajan wins face-off versus Joe Sakic in Blackhawks zone.
9:04 of 2nd period - Wrist shot by Jaromir Jagr.
9:04 of 2nd period - Shot Blocked by Loui Eriksson.
9:06 of 2nd period - Wrist shot by Matt Stajan.
9:06 of 2nd period - Shot Misses the Net.
9:30 of 2nd period - Slapshot by Rene Bourque.
9:30 of 2nd period - Stopped by José Theodore with a rebound.
10:13 of 2nd period - Slapshot by Kristopher Letang.
10:13 of 2nd period - Deflect By Jaromir Jagr.
10:13 of 2nd period - Stopped by José Theodore without a rebound.
10:14 of 2nd period - Scott Gomez wins face-off versus Jiri Hudler in Canucks zone.
10:15 of 2nd period - Wrist shot by Kris Versteeg.
10:15 of 2nd period - Stopped by José Theodore with a rebound.
10:44 of 2nd period - Off-side.
10:45 of 2nd period - Joe Sakic wins face-off versus Matt Stajan in neutral zone.
10:48 of 2nd period - Scott Niedermayer is hit by Joe Sakic and loses puck.
11:11 of 2nd period - Colby Armstrong is hit by Mark Streit and loses puck.
11:27 of 2nd period - Wrist shot by Colby Armstrong.
11:27 of 2nd period - Stopped by José Theodore with a rebound.
11:37 of 2nd period - Wrist shot by Joe Sakic.
11:37 of 2nd period - Shot Misses the Net.
11:51 of 2nd period - Snap shot by Colby Armstrong.
11:51 of 2nd period - Stopped by José Theodore with a rebound.
11:53 of 2nd period - Snap shot by Loui Eriksson.
11:53 of 2nd period - Stopped by José Theodore without a rebound.
11:54 of 2nd period - Matt Stajan wins face-off versus Scott Gomez in Canucks zone.
11:54 of 2nd period - Matt Stajan is hit by Scott Gomez.
12:05 of 2nd period - Wrist shot by Scott Gomez.
12:05 of 2nd period - Goal by Scott Gomez - Canucks : 6 - Blackhawks : 3.
12:06 of 2nd period - Matt Stajan wins face-off versus Scott Gomez in neutral zone.
12:37 of 2nd period - Slapshot by Clarke MacArthur.
12:37 of 2nd period - Stopped by Jocelyn Thibault with a rebound.
13:19 of 2nd period - Jaromir Jagr is hit by Chris Gratton.
13:44 of 2nd period - Zigmund Palffy is hit by Chris Campoli and loses puck.
14:37 of 2nd period - Minor Penalty to Joe Sakic for Hooking.
14:38 of 2nd period - Scott Gomez wins face-off versus Matt Stajan in Blackhawks zone.
15:10 of 2nd period - Snap shot by Clarke MacArthur.
15:10 of 2nd period - Stopped by Jocelyn Thibault with a rebound.
15:32 of 2nd period - Snap shot by Daniel Carcillo.
15:32 of 2nd period - Stopped by José Theodore with a rebound.
16:37 of 2nd period - Penalty to Joe Sakic is over, Joe Sakic is back on ice.
16:38 of 2nd period - Chris Campoli is hit by Ryan Getzlaf and loses puck.
17:15 of 2nd period - Snap shot by Kris Versteeg.
17:15 of 2nd period - Stopped by José Theodore with a rebound.
17:17 of 2nd period - Slapshot by Kris Versteeg.
17:17 of 2nd period - Goal by Kris Versteeg - Canucks : 6 - Blackhawks : 4.
17:18 of 2nd period - Matt Stajan wins face-off versus Chris Gratton in neutral zone.
17:23 of 2nd period - Wrist shot by Matt Stajan.
17:23 of 2nd period - Shot Misses the Net.
19:13 of 2nd period - Snap shot by Ryan Getzlaf.
19:13 of 2nd period - Shot Misses the Net.
19:35 of 2nd period - Slapshot by Christian Ehrhoff.
19:35 of 2nd period - Shot Misses the Net.
19:59 of 2nd period - Mark Streit is hit by Christian Ehrhoff and loses puck.
Goals for this period are 2 for Canucks vs 3 for Blackhawks.
Shots for this period are 7 for Canucks vs 15 for Blackhawks.
3rd period
0:01 of 3rd period - Matt Stajan wins face-off versus Scott Gomez in neutral zone.
0:04 of 3rd period - Slapshot by Scott Niedermayer.
0:04 of 3rd period - Shot Misses the Net.
0:41 of 3rd period - Minor Penalty to Jiri Hudler for Holding.
0:42 of 3rd period - Scott Gomez wins face-off versus Peter Worrell in Canucks zone.
1:08 of 3rd period - Derian Hatcher is hit by Stephane Robidas and loses puck.
1:24 of 3rd period - Icing by Chris Campoli.
1:25 of 3rd period - Clarke MacArthur wins face-off versus Joe Sakic in Blackhawks zone.
1:26 of 3rd period - Slapshot by Matt Stajan.
1:26 of 3rd period - Shot Misses the Net.
1:56 of 3rd period - Scott Niedermayer is hit by Loui Eriksson and loses puck.
2:23 of 3rd period - Snap shot by Joe Sakic.
2:23 of 3rd period - Stopped by José Theodore with a rebound.
2:25 of 3rd period - Slapshot by Joe Sakic.
2:25 of 3rd period - Stopped by José Theodore with a rebound.
2:27 of 3rd period - Snap shot by Joe Sakic.
2:27 of 3rd period - Stopped by José Theodore with a rebound.
2:41 of 3rd period - Penalty to Jiri Hudler is over, Jiri Hudler is back on ice.
2:45 of 3rd period - Wrist shot by Joe Sakic.
2:45 of 3rd period - Shot Blocked by Peter Worrell.
2:47 of 3rd period - Wrist shot by Loui Eriksson.
2:47 of 3rd period - Shot Blocked by Derian Hatcher.
2:53 of 3rd period - Snap shot by Joe Sakic.
2:53 of 3rd period - Stopped by José Theodore without a rebound.
2:54 of 3rd period - Ryan Getzlaf wins face-off versus Scott Gomez in Canucks zone.
3:53 of 3rd period - Icing by Rene Bourque.
3:54 of 3rd period - Matt Stajan wins face-off versus Scott Gomez in Blackhawks zone.
4:14 of 3rd period - Minor Penalty to Zigmund Palffy for Slashing.
4:15 of 3rd period - Scott Gomez wins face-off versus Peter Worrell in Canucks zone.
5:12 of 3rd period - Clarke MacArthur is hit by Scott Gomez and loses puck.
5:25 of 3rd period - Snap shot by Clarke MacArthur.
5:25 of 3rd period - Shot Blocked by Sergei Shirokov.
6:11 of 3rd period - Colby Armstrong is hit by Peter Worrell and loses puck.
6:14 of 3rd period - Penalty to Zigmund Palffy is over, Zigmund Palffy is back on ice.
6:24 of 3rd period - Kristopher Letang is hit by Brett Lebda and loses puck.
6:41 of 3rd period - Wrist shot by Fabian Brunnstrom.
6:41 of 3rd period - Stopped by Jocelyn Thibault with a rebound.
6:43 of 3rd period - Slapshot by Joe Callahan.
6:43 of 3rd period - Shot Misses the Net.
6:45 of 3rd period - Slapshot by Derian Hatcher.
6:45 of 3rd period - Deflect By Sergei Shirokov.
6:45 of 3rd period - Stopped by Jocelyn Thibault with a rebound.
7:07 of 3rd period - Wrist shot by Daniel Carcillo.
7:07 of 3rd period - Stopped by José Theodore with a rebound.
7:19 of 3rd period - Rene Bourque is hit by Clarke MacArthur and loses puck.
7:58 of 3rd period - Jordan Staal is hit by Fabian Brunnstrom and loses puck.
9:39 of 3rd period - David Jones is hit by Chris Gratton and loses puck.
10:20 of 3rd period - Minor Penalty to Jiri Hudler for Hooking.
10:21 of 3rd period - Scott Gomez wins face-off versus Jaromir Jagr in Canucks zone.
10:32 of 3rd period - Jaromir Jagr is hit by Kris Versteeg.
10:53 of 3rd period - Brent Sopel is hit by Joe Sakic and loses puck.
11:20 of 3rd period - Kristopher Letang is hit by Clarke MacArthur and loses puck.
11:43 of 3rd period - Clarke MacArthur is hit by Loui Eriksson.
11:47 of 3rd period - Clarke MacArthur is hit by Joe Sakic and loses puck.
12:14 of 3rd period - Richard Matvichuk is hit by Mark Streit and loses puck.
12:20 of 3rd period - Penalty to Jiri Hudler is over, Jiri Hudler is back on ice.
12:25 of 3rd period - Jiri Hudler is hit by Stephane Robidas and loses puck.
13:03 of 3rd period - Brendon Nash is hit by Zigmund Palffy and loses puck.
13:57 of 3rd period - Off-side.
13:58 of 3rd period - Erik Christensen wins face-off versus Jordan Staal in neutral zone.
14:06 of 3rd period - Minor Penalty to Daniel Carcillo for Holding.
14:07 of 3rd period - Scott Gomez wins face-off versus Matt Stajan in Blackhawks zone.
14:19 of 3rd period - Wrist shot by Scott Niedermayer.
14:19 of 3rd period - Stopped by Jocelyn Thibault with a rebound.
15:11 of 3rd period - Jaromir Jagr is hit by Kris Versteeg and loses puck.
15:35 of 3rd period - Mark Streit is hit by Kristopher Letang and loses puck.
16:01 of 3rd period - Icing by Zigmund Palffy.
16:02 of 3rd period - Jiri Hudler wins face-off versus Chris Gratton in Canucks zone.
16:06 of 3rd period - Penalty to Daniel Carcillo is over, Daniel Carcillo is back on ice.
16:28 of 3rd period - Wrist shot by Chris Gratton.
16:28 of 3rd period - Shot Blocked by Scott Niedermayer.
18:10 of 3rd period - Joe Callahan is hit by George Parros and loses puck.
18:37 of 3rd period - Ryan Getzlaf is hit by Scott Gomez and loses puck.
19:10 of 3rd period - Backhand shot by Peter Worrell.
19:10 of 3rd period - Shot Misses the Net.
19:12 of 3rd period - Wrist shot by Peter Worrell.
19:12 of 3rd period - Shot Misses the Net.
19:14 of 3rd period - Wrist shot by Scott Niedermayer.
19:14 of 3rd period - Deflect By Matt Stajan.
19:14 of 3rd period - Shot Misses the Net.
19:14 of 3rd period - Puck is out of play.
19:15 of 3rd period - Fabian Brunnstrom wins face-off versus Jordan Staal in Blackhawks zone.
19:36 of 3rd period - Snap shot by Clarke MacArthur.
19:36 of 3rd period - Shot Misses the Net.
19:46 of 3rd period - Matt Stajan is hit by Richard Matvichuk.
Goals for this period are 0 for Canucks vs 0 for Blackhawks.
Shots for this period are 3 for Canucks vs 5 for Blackhawks.
Output by the SimonT Hockey Simulator (STHS) for François Prévost -- Original Page W3C XHTML 1.0 Valid